 Adventure DCSS version bcrawl-1.23.1-30-gcf7fa35852 (webtiles) character file.

Game seed: 2722735865037908619

510 diana the Shield-Bearer (level 6, -3/47 HPs)
             Began as a Demonspawn Fighter on May 30, 2020.
             Was an Initiate of Okawaru.
             Slain by an orc warrior (9 damage)
             ... in a bailey.
             The game lasted 00:10:47 (6165 turns).

diana the Shield-Bearer (Demonspawn Fighter)        Turns: 6165, Time: 00:10:47

Health: -3/47      AC: 11    Str: 19    XL:     6   Next: 98%
Magic:  15/15      EV:  4    Int:  9    God:    Okawaru [......]
Gold:   514        SH: 12    Dex: 12    Spells: 5/5 levels left
                                        Lives:  0   Deaths: 2

rFire    . . .     SeeInvis .   a - +0 long sword
rCold    . . .     Gourm    .   c - +0 medium shield
rNeg     . . .     Faith    .   t - +0 chain mail
rPois    .         Spirit   .   (helmet restricted)
rElec    .         Reflect  .   C - +0 cloak
rCorr    .         Harm     .   D - +0 pair of gloves
MR       .....     Rnd*Rage +   (no boots)
Stlth    ..........             (no amulet)
HPRegen  0.15/turn              A - ring of magical power
MPRegen  0.14/turn              (no ring)

@: no status effects
A: horns 1, berserk 1, demonic guardian 1, sense surroundings 1, spiny 2
a: Renounce Religion


You were in a bailey.
You worshipped Okawaru.
Okawaru was noncommittal.
You were not hungry.

You visited 2 branches of the dungeon, and saw 8 of its levels.
You also visited: Bailey.

You collected 514 gold pieces.

Inventory:

Hand Weapons
 a - a +0 long sword (weapon)
 i - the +5 whip of the Wheel {protect, +Inv rPois Str+5 Int-3}
   (You took it off Blork the orc on level 4 of the Dungeon)

   It grants its wielder temporary protection when it strikes (+7 to AC).
   It affects your strength (+5).
   It affects your intelligence (-3).
   It protects you from poison.
   It lets you turn invisible.
Armour
 c - a +0 medium shield (worn)
 t - a +0 chain mail (worn)
 C - a +0 cloak (worn)
 D - a +0 pair of gloves (worn)
Jewellery
 A - a ring of magical power (left hand)
Wands
 B - a wand of polymorph (11)
Scrolls
 f - a scroll of fog {unknown}
 g - 9 scrolls of remove curse
 h - 7 scrolls of amnesia
 j - 4 scrolls of noise
 l - 2 scrolls of enchant armour
 m - a scroll of enchant weapon {unknown}
 v - 2 scrolls of fear
 y - a scroll of blinking
Potions
 d - a potion of might
 n - 2 potions of curing
 q - a potion of heal wounds
 r - a potion of ambrosia {unknown}
 u - a potion of magic {unknown}
 x - a potion of degeneration {unknown}
 z - a potion of flight {unknown}
Comestibles
 e - 14 rations {!d}


   Skills:
 - Level 3.0 Fighting
 + Level 6.3 Long Blades
 - Level 2.6 Armour
 + Level 6.7 Shields


You had 5 spell levels left.
You didn't know any spells.
Your spell library contained the following spells:

 Spells                   Type           Power        Failure   Level  Hunger
 Summon Small Mammal      Summ           #...         100%        1    ##.....
 Call Imp                 Summ           #.....       100%        2    ###....
 Call Canine Familiar     Summ           #.......     100%        3    ####...
 Summon Ice Beast         Ice/Summ       #.......     100%        4    #####..
 Summon Lightning Spire   Summ/Air       #.......     100%        5    ######.


Dungeon Overview and Level Annotations

Branches:
Dungeon (7/12)             Temple (1/1) D:5
   Lair: D:7-9

Altars:
Ashenzari
Cheibriados
Dithmenos
Elyvilon
Fedhas
Gozag
Hepliaklqana
Kikubaaqudgha
Lugonu
Makhleb
Okawaru
Qazlal
Ru
Sif Muna
Trog
Uskayaw
Vehumet
Wu Jian
Xom
Yredelemnul
Zin
The Shining One

Shops:
D:4 (   D:5 %

Annotations:
D:6 2 transporters, dscm's ghost, novice DsAc


Innate Abilities, Weirdness & Mutations

You have a pair of small horns on your head.
A weak demonic guardian rushes to your aid.
You are mostly covered in sharp spines.
You tend to lose your temper in combat.
You passively map a small area around you.


Message History

The orc knight hits your white imp with a +0 glaive!!
Your white imp dies!
The orc warrior shouts!
The orc no longer looks unusually strong.
The orc warrior shoots a bolt.
The bolt hits you!
Your surroundings suddenly seem different.
An orc warrior comes into view. It is wielding a +0 halberd.
The orc warrior shouts!
An orc knight comes into view. It is wielding a +0 glaive.
The orc knight shouts!
An orc warrior comes into view. It is wielding a +0 arbalest.
The orc warrior shouts!
The orc warrior unwields a +0 arbalest.
The orc warrior is struck by your spines.
The orc warrior hits you.
Found a glowing battleaxe, 263 gold pieces, 98 stones and a potion of mutation.
The orc knight hits you from afar with a +0 glaive!!
* * * LOW HITPOINT WARNING * * *
The orc warrior hits you!
You die...

**
##∩###########.##
##...##.....##..!#
.#...#..≈≈≈..#..o#
......o≈≈.≈≈.#..(#
.......≈ooo≈5+...#
....o..≈≈o≈≈.#.o.#
#...#o.≈≈≈..#..$#
#†∩.##.....##..@#
##∩###########o##
### ###


You could see an orc knight and 2 orc warriors.

Vanquished Creatures
  Menkaure (D:4)
  Edmund (D:4)
  A centaur (D:6)
  Blork the orc (D:4)
  A scorpion (D:5)
  A wight (D:6)
  A howler monkey (D:4)
  2 crimson imps
  A bullfrog zombie (D:6)
  A centaur zombie (D:5)
  3 hounds
  A jelly (D:5)
  7 orc wizards
  Terence (D:2)
  2 worker ants
  Ijyb (D:4)
  2 adders (D:6)
  2 shadow imps
  2 adder skeletons
  3 dart slugs
  3 leopard geckos
  9 orcs
  5 bats
  5 giant cockroaches
  9 goblins
  5 hobgoblins
  7 jackals
  4 kobolds
  4 quokkas
  A ball python (D:2)
  4 frilled lizards
  A quokka skeleton (D:4)
  3 rats
95 creatures vanquished.

Vanquished Creatures (collateral kills)
  An ogre (D:4)
  3 orcs
4 creatures vanquished.

Grand Total: 99 creatures vanquished

Notes
Turn   | Place    | Note
-------+----------+-------------------------------------------
     0 | D:1      | diana the Demonspawn Fighter began the quest for the Orb.
     0 | D:1      | Reached XP level 1. HP: 18/18 MP: 1/1
  1024 | D:2      | Noticed Terence
  1036 | D:2      | Gained mutation: You are partially covered in sharp spines.
                  | [demonic ancestry]
  1036 | D:2      | Reached XP level 2. HP: 20/24 MP: 2/2
  1113 | D:2      | Killed Terence
  1113 | D:2      | Gained mutation: A weak demonic guardian rushes to your
                  | aid. [demonic ancestry]
  1113 | D:2      | Reached XP level 3. HP: 7/29 MP: 3/3
  2066 | D:3      | Reached XP level 4. HP: 33/35 MP: 4/4
  2230 | D:3      | Found a glowing silver altar of Zin.
  2568 | D:4      | Noticed Blork the orc
  2568 | D:4      | Noticed Edmund
  2704 | D:4      | Identified the +5 whip of the Wheel {protect, +Inv rPois
                  | Str+5 Int-3}
  2725 | D:4      | Killed Blork the orc
  2725 | D:4      | Reached XP level 5. HP: 17/41 MP: 5/5
  2927 | D:4      | Noticed Ijyb
  2968 | D:4      | HP: 2/41 [shadow imp (1)]
  2980 | D:4      | Slain by Edmund
  2981 | D:4      | Reached XP level 4. HP: -4/35 MP: 4/4
  3016 | D:4      | Killed Edmund
  3016 | D:4      | Reached XP level 5. HP: 35/41 MP: 0/5
  3136 | D:4      | Found a white marble altar of Elyvilon.
  3281 | D:4      | Noticed Menkaure
  3291 | D:4      | Killed Menkaure
  3291 | D:4      | Reached skill level 5 in Shields
  3291 | D:4      | Gained mutation: You have a pair of small horns on your
                  | head. [demonic ancestry]
  3291 | D:4      | Reached XP level 6. HP: 11/47 MP: 6/6
  3660 | D:4      | Killed Ijyb
  3660 | D:4      | Reached skill level 5 in Long Blades
  3828 | D:4      | Found Tegh's Weapon Shop.
  3993 | D:4      | Found an opulent altar of Gozag.
  3999 | D:4      | Found an ancient bone altar of Kikubaaqudgha.
  4000 | D:4      | Found a hazy altar of Hepliaklqana.
  4110 | D:5      | Entered Level 5 of the Dungeon
  4265 | D:5      | Found an ornate altar of the Wu Jian Council.
  4352 | D:5      | Found a staircase to the Ecumenical Temple.
  4364 | Temple   | Entered the Ecumenical Temple
  4520 | Temple   | Became a worshipper of Warmaster Okawaru
  4548 | D:5      | Gained mutation: You are mostly covered in sharp spines.
                  | [demonic ancestry]
  4548 | D:5      | Reached XP level 7. HP: 51/52 MP: 7/7
  4793 | D:5      | Found Elaoveph's Food Emporium.
  5106 | D:5      | Found a burning altar of Makhleb.
  5283 | D:6      | Noticed a hornet
  5284 | D:6      | Found a transporter.
  5284 | D:6      | Noticed dscm's ghost (novice DsAc)
  5288 | D:6      | Found a transporter.
  6050 | D:7      | Found a glowing silver altar of Zin.
  6110 | D:7      | Found a flagged portal.
  6140 | Bailey   | Entered a bailey
  6140 | Bailey   | Noticed an orc knight
  6146 | Bailey   | Gained mutation: You tend to lose your temper in combat.
                  | [potion of mutation]
  6146 | Bailey   | Gained mutation: You passively map a small area around you.
                  | [potion of mutation]
  6147 | Bailey   | Noticed an orc knight
  6158 | Bailey   | HP: 2/52 [orc warrior/bolt (12)]
  6159 | Bailey   | Mangled by an orc warrior
  6160 | Bailey   | Reached XP level 6. HP: -11/47 MP: 15/15
  6164 | Bailey   | Noticed an orc warrior
  6164 | Bailey   | Noticed an orc knight
  6164 | Bailey   | Noticed an orc warrior
  6165 | Bailey   | Slain by an orc warrior

Skill      XL: |  1  2  3  4  5  6  7 |
---------------+----------------------+-----
Long Blades    | 2 3 4 5 6 |  6.3
Shields        | 3 4 5 6 |  6.7
Fighting       | |  3.0
Armour         | |  2.6

Action                   |  1- 3 |  4- 6 |  7- 9 || total
-------------------------+-------+-------+-------++-------
Melee: Long sword        |   130 |   145 |    77 ||   352
       Unarmed           |       |    19 |       ||    19
       Headbutt          |       |     8 |    18 ||    26
  Use: Scroll            |       |     3 |     8 ||    11
       Potion            |       |     2 |     7 ||     9
 Stab: Distracted        |       |     3 |       ||     3
  Eat: Chunk             |     4 |     2 |     2 ||     8
       Ration            |       |       |     1 ||     1
Armor: Scale mail        |    70 |     8 |       ||    78
       Chain mail        |       |    57 |    23 ||    80
       Skin              |       |     1 |       ||     1
Dodge: Dodged            |    25 |    41 |     6 ||    72
Block: Medium shield     |    63 |    96 |    54 ||   213
